Map: Lightshade LE

Players

TYTY (TY) - Winner!

  • Race: Terran Terran
  • League: Grandmaster
  • Spawn Location: 5:00

RAGNAROK (SHIN)

  • Race: Zerg Zerg
  • League: Grandmaster
  • Spawn Location: 11:00

VOD

Have the link to the VOD?

Description

Time

  • Played on: Jan. 12, 2021, 9:42 a.m.
  • Length: 14:37
Show
View Real Time Build Order
Export as new Build Order

TYTY Terran - Winner!

Build Orders: Reaper Expand, Hellion Banshee 

Get SALT Encoding   

  12  0:00  SCV  
  13  0:12  SCV  
  14  0:19  Supply Depot  
  14  0:24  SCV  
  15  0:40  SCV  
  15  0:42  Barracks  
  16  0:45  Refinery  
  16  0:52  SCV  
  17  1:05  SCV  
  18  1:17  SCV  
  19  1:29  Orbital Command, Reaper  
  20  1:38  Command Center  
  20  1:47  Supply Depot  
  20  1:55  SCV  
  20  2:00  Marine  
  22  2:05  Factory  
  22  2:07  SCV  
  23  2:19  SCV  
  23  2:22  Barracks Reactor  
  24  2:31  SCV  
  25  2:44  SCV  
  25  2:54  Command Center  
  25  2:56  SCV  
  26  3:01  Starport  
  25  3:06  Hellion x2  
  25  3:08  SCV  
  30  3:14  Barracks Tech Lab  
  30  3:19  Orbital Command  
  30  3:21  SCV  
  31  3:27  Refinery  
  31  3:33  SCV  
  32  3:40  Hellion x2  
  36  3:45  SCV  
  36  3:46  Banshee  
  36  3:47  SCV  
  41  3:54  Supply Depot  
  41  3:59  Barracks Tech Lab  
  41  4:01  SCV x2  
  44  4:10  Orbital Command  
  44  4:13  Hellion, SCV  
  46  4:17  Hellion  
  46  4:18  SCV  
  48  4:25  Stimpack, Marine  
  48  4:26  SCV  
  48  4:31  Supply Depot  
  50  4:32  SCV  
  50  4:37  SCV  
  50  4:38  SCV  
  53  4:44  Marine  
  52  4:48  SCV  
  52  4:49  Siege Tank  
  56  4:54  Bunker  
  56  4:55  SCV x2  
  60  5:01  SCV  
  60  5:02  Marine  
  62  5:07  SCV  
  62  5:08  Barracks  
  62  5:11  Barracks  
  62  5:12  Starport Reactor  
  62  5:13  SCV  
  63  5:20  Orbital Command, Marine  
  63  5:22  Siege Tank  
  63  5:23  Refinery  
  63  5:24  Engineering Bay  
  63  5:25  Engineering Bay  
  63  5:26  Supply Depot  
  63  5:28  SCV x2  
  68  5:38  Refinery, Marine  
  68  5:40  SCV x2  
  71  5:45  SCV  
  71  5:49  Supply Depot  
  72  5:50  Supply Depot, Terran Infantry Weapons Level 1  
  72  5:52  SCV x2  
  72  5:54  Terran Infantry Armor Level 1  
  72  5:56  Starport Reactor, Marine  
  75  5:59  SCV  
  75  6:02  Marine x3  
  75  6:03  Barracks, Marine  
  80  6:09  Barracks  
  80  6:10  SCV x2  
  82  6:13  Combat Shield  
  82  6:14  Marine  
  83  6:20  Siege Tank, Marine x2  
  83  6:22  Marine x2  
  83  6:25  Supply Depot  
  90  6:26  Supply Depot  
  90  6:29  SCV x2  
  90  6:30  SCV  
  90  6:32  Medivac, Marine  
  94  6:33  Supply Depot  
  96  6:40  Medivac  
  96  6:42  SCV x2  
  96  6:43  Marine  
  96  6:46  Marine x3  
  104  6:47  Supply Depot  
  104  6:49  SCV  
  104  6:51  Armory  
  104  6:52  Marine  
  106  6:54  Barracks Reactor, SCV  
  106  6:57  Refinery  
  106  6:59  Barracks Reactor  
  107  7:01  SCV x2, Marine  
  107  7:04  Marine x3  
  107  7:05  Bunker  
  107  7:07  Medivac  
  115  7:09  SCV  
  115  7:13  SCV  
  117  7:18  Barracks x3  
  117  7:21  Medivac  
  119  7:22  Marine  
  119  7:23  Marine x4  
  119  7:27  Siege Tank  
  127  7:32  Supply Depot, Marine x2  
  127  7:35  Marine x2  
  133  7:50  Marine x2  
  133  7:51  Supply Depot  
  133  7:52  Terran Infantry Weapons Level 2  
  133  7:54  Medivac, Marine x6  
  141  7:59  Supply Depot  
  141  8:01  Terran Infantry Armor Level 2  
  141  8:07  Marine  
  141  8:12  Marine x8  
  149  8:20  Siege Tank, Marine x2  
  149  8:21  Marine  
  149  8:25  Marine  
  155  8:30  Marine  
  155  8:31  Marauder  
  155  8:32  Supply Depot x2  
  155  8:34  Supply Depot, Marine x3  
  157  8:35  Marine x3  
  157  8:38  Marine  
  164  8:42  Marine  
  165  8:53  Medivac, Marine x5  
  165  8:54  Medivac  
  165  8:55  Supply Depot  
  174  8:56  Supply Depot, Siege Tank  
  174  8:57  Marine  
  174  9:00  Marine x2  
  174  9:01  Marine x3  
  183  9:07  Marine  
  181  9:11  Marine x2  
  183  9:23  Medivac  
  183  9:24  Medivac, Marine x3  
  186  9:27  Marine  
  186  9:28  Marine x5  
  187  9:32  Siege Tank  
  187  9:33  Marine x2  
  187  9:35  Marine  
  185  9:42  Marine  
  185  9:43  Marine x2  
  185  9:45  Marine x3  
  180  9:51  Marine x2  
  179  9:56  Marine x2  
  179  9:57  Command Center  
  179  9:58  Medivac x2  
  183  10:11  Terran Infantry Weapons Level 3  
  183  10:12  Marine x4  
  171  10:16  Marine  
  171  10:17  Marine  
  171  10:19  Siege Tank  
  151  10:21  Terran Infantry Armor Level 3  
  141  10:29  Marine  
  141  10:30  Marine x8  
  149  10:37  Liberator x2  
  149  10:39  Marine x2  
  149  10:41  Marine  
  156  10:47  Marine  
  141  10:51  Siege Tank, Marine x5  
  148  10:57  Marine x2  
  148  11:00  Marine x4  
  154  11:06  SCV  
  154  11:07  SCV x2  
  157  11:19  Marine x6  
  157  11:20  Barracks Tech Lab x3  
  157  11:21  Marauder, Marine  
  157  11:24  Marine  
  162  11:28  Siege Tank  
  162  11:29  SCV x2  
  167  11:37  Marine  
  167  11:38  Marauder, Marine x4  
  167  11:39  Marauder  
  174  11:46  Planetary Fortress  
  174  11:50  Concussive Shells  
  174  11:51  Marauder x2  
  174  11:53  Medivac x2  
  182  11:57  Marine  
  182  11:58  Marine x3  
  182  11:59  Marine  
  187  12:07  Siege Tank, Marine x3  
  193  12:14  Sensor Tower  
  192  12:28  Marauder, Marine x2  
  192  12:29  Marauder x2  
  194  12:41  Marine x2  
  194  12:42  Marauder, Siege Tank, Marine  
  174  12:45  Medivac x2  
  174  12:46  Marine x4  
  174  12:50  Marauder x2  
  184  12:55  Marine x2  
  177  12:59  Marine x2  
  177  13:00  Drilling Claws, Marine  
  166  13:07  Marine x2  
  166  13:08  Marine  
  166  13:09  SCV  
  166  13:10  SCV  
  164  13:14  Command Center  
  164  13:15  Command Center, Siege Tank  
  164  13:16  Marine x2  
  164  13:19  Marine x3  
  171  13:20  Marauder x3  
  171  13:22  Command Center  
  177  13:28  Liberator x2  
  177  13:29  Marine  
  177  13:33  Marine x2  
  184  13:38  Marine x2  
  182  13:51  Marauder x4, Marine x3  
  189  13:56  Siege Tank  
Show
View Real Time Build Order
Export as new Build Order

RAGNAROK Zerg 

Build Orders: Pool First, Lurkers 

Get SALT Encoding   

  12  0:00  Drone  
  13  0:13  Overlord  
  13  0:17  Drone  
  14  0:31  Drone x2  
  16  0:40  Spawning Pool  
  15  0:45  Drone  
  15  0:48  Drone  
  18  0:57  Drone  
  18  1:11  Hatchery  
  18  1:13  Extractor  
  16  1:27  Zergling x4  
  16  1:29  Zergling x2  
  16  1:31  Queen  
  21  1:40  Overlord  
  21  1:50  Drone  
  22  2:01  Drone  
  23  2:11  Queen  
  23  2:14  Drone, Metabolic Boost  
  26  2:22  Queen  
  26  2:25  Drone  
  26  2:29  Drone  
  30  2:35  Drone  
  30  2:36  Drone  
  31  2:41  Drone  
  31  2:43  Drone  
  33  2:44  Drone  
  33  2:51  Overlord  
  33  2:54  Drone  
  33  2:55  Drone  
  35  2:59  Drone  
  36  3:12  Hatchery  
  35  3:16  Drone  
  35  3:18  Drone  
  37  3:24  Roach Warren  
  37  3:26  Drone x2  
  38  3:28  Drone  
  38  3:31  Drone  
  38  3:32  Extractor  
  39  3:34  Drone  
  39  3:36  Zergling x2  
  39  3:37  Zergling x2  
  42  3:41  Overlord  
  42  3:45  Overlord  
  42  3:48  Overlord  
  42  3:53  Overlord  
  42  4:05  Roach x4  
  42  4:09  Roach  
  52  4:10  Roach  
  52  4:13  Roach  
  52  4:15  Roach  
  58  4:28  Zergling x12  
  64  4:34  Zergling x6  
  67  4:41  Zergling x8  
  70  4:49  Zergling x2  
  70  4:52  Overlord  
  70  4:53  Drone  
  70  4:56  Drone  
  70  4:57  Drone x2  
  70  4:58  Drone  
  74  5:00  Drone x2  
  74  5:06  Drone x3  
  76  5:08  Drone  
  76  5:10  Drone  
  76  5:12  Drone  
  75  5:15  Drone x2  
  75  5:19  Spore Crawler  
  76  5:21  Spore Crawler  
  76  5:24  Spore Crawler  
  76  5:25  Drone  
  75  5:30  Drone x3  
  75  5:35  Drone x3  
  81  5:38  Lair  
  80  5:45  Overlord  
  80  5:47  Drone  
  81  5:51  Overlord  
  81  5:59  Overlord  
  81  6:03  Queen, Evolution Chamber  
  81  6:04  Drone x7, Evolution Chamber  
  81  6:05  Drone  
  81  6:11  Drone x5  
  91  6:14  Extractor, Drone x2  
  91  6:16  Drone x2  
  97  6:23  Extractor, Drone x3  
  97  6:24  Extractor  
  97  6:25  Extractor  
  97  6:29  Zerg Ground Armor Level 1, Zerg Missile Weapons Level 1  
  97  6:30  Roach x2  
  97  6:32  Roach  
  103  6:36  Glial Reconstitution  
  103  6:39  Roach  
  105  6:41  Overlord  
  105  6:44  Overseer  
  105  6:49  Queen  
  105  6:50  Overlord, Baneling Nest  
  106  6:55  Hatchery  
  106  6:59  Drone  
  106  7:01  Roach x3  
  109  7:02  Ravager x3  
  109  7:03  Ravager  
  109  7:08  Overlord x2  
  113  7:10  Roach x2  
  113  7:12  Ravager x3  
  120  7:17  Overlord x2  
  120  7:18  Overlord  
  120  7:22  Overseer  
  120  7:27  Roach x5  
  120  7:28  Ravager  
  120  7:29  Ravager  
  132  7:36  Roach x5  
  142  7:42  Centrifical Hooks  
  142  7:45  Roach  
  142  7:46  Overlord x2  
  146  7:51  Roach x4  
  146  7:57  Ravager  
  154  7:58  Drone x6  
  154  8:01  Drone x2  
  161  8:05  Drone  
  161  8:12  Drone x6  
  168  8:18  Infestation Pit  
  167  8:20  Roach x5  
  167  8:25  Drone  
  177  8:30  Zerg Melee Weapons Level 1, Zerg Ground Armor Level 2  
  176  8:35  Spore Crawler, Drone x6  
  176  8:40  Drone x2  
  183  8:44  Extractor  
  183  8:45  Zergling x4  
  184  8:49  Overlord x4  
  184  8:51  Overseer  
  184  8:55  Overseer  
  184  9:04  Overlord  
  184  9:08  Zergling x4, Roach  
  184  9:09  Zergling x10  
  193  9:10  Ravager, Overseer  
  193  9:11  Ravager x5  
  193  9:12  Hive  
  193  9:13  Hatchery  
  193  9:14  Hydralisk Den  
  197  9:18  Zergling x6  
  188  9:32  Zergling x18, Roach  
  188  9:35  Hatchery  
  186  9:42  Roach x7  
  195  9:46  Grooved Spines  
  195  9:47  Baneling x4, Lurker Den  
  193  9:53  Zergling x14  
  193  9:59  Zergling x6  
  199  10:01  Baneling x9  
  199  10:05  Overlord  
  199  10:06  Overseer  
  171  10:16  Roach x8  
  171  10:19  Roach x2  
  171  10:20  Roach  
  154  10:22  Roach  
  154  10:28  Zergling x8, Roach  
  154  10:33  Queen  
  155  10:37  Zergling x8  
  155  10:40  Zerg Missile Weapons Level 2  
  153  10:47  Roach  
  153  10:48  Roach x3  
  139  10:52  Baneling x4  
  139  10:53  Roach  
  139  10:54  Roach  
  141  10:57  Roach x2  
  141  10:59  Roach x2  
  141  11:01  Baneling x2  
  149  11:06  Zergling x6  
  149  11:10  Zergling x14  
  155  11:18  Roach  
  155  11:19  Roach  
  155  11:22  Zerg Melee Weapons Level 2  
  155  11:24  Zergling x4  
  155  11:25  Zergling x2  
  158  11:30  Baneling x8  
  158  11:31  Drone x5  
  163  11:35  Extractor  
  163  11:36  Zergling x4, Roach  
  164  11:42  Zergling x10  
  164  11:45  Baneling x8  
  167  11:48  Zergling x10, Extractor, Spore Crawler  
  167  11:51  Zergling x2  
  171  11:57  Zergling x2  
  172  12:02  Seismic Spines  
  172  12:04  Zergling x4  
  172  12:05  Zergling x8  
  178  12:13  Extractor  
  178  12:14  Hydralisk x5  
  186  12:16  Spine Crawler, Hatchery  
  186  12:20  Baneling x3  
  184  12:25  Zergling x10  
  189  12:32  Zergling x16  
  163  12:46  Lurker x4  
  163  12:47  Zergling x14  
  168  12:51  Zergling x2  
  168  12:52  Lurker  
  157  12:58  Roach  
  157  12:59  Roach x2  
  143  13:07  Zergling x16  
  146  13:15  Hydralisk, Spore Crawler x2  
  146  13:17  Zergling x2  
  146  13:18  Zergling x4  
  147  13:22  Adaptive Talons  
  147  13:23  Drone x3  
  148  13:29  Zergling x4  
  148  13:30  Zergling x4  
  148  13:33  Zergling x8  
  152  13:34  Hatchery  
  152  13:38  Drone x2  
  149  13:45  Hydralisk  
  149  13:46  Hydralisk x2  
  149  13:47  Zergling x2  
  140  13:49  Zergling x8  
  140  13:55  Hydralisk  
Tags
 
Add a new tag
Caveats
  • Supply blocks, unpowered buildings, or Contaminate may cause inaccurate times.
  • Supply counts are checked every 10 seconds.